 Dungeon Crawl Stone Soup version 0.30.1-9-gdf580d7c3d (webtiles) character file.

Game seed: 6641594454914400793

2585 CrazyMind the Cleaver (level 9, -3/77 HPs)
             Began as an Armataur Fighter on Oct 15, 2023.
             Was a Priest of Elyvilon.
             Slain by a +3 trident of Kuyttot {spect, *Rage Fragile Str+3 Int+9} (10 damage)
             ... created by a kobold brigand
             ... on level 7 of the Dungeon.
             The game lasted 00:28:08 (6576 turns).

CrazyMind the Cleaver (Armataur Fighter)            Turns: 6576, Time: 00:28:09

Health: -3/77      AC: 15    Str: 25    XL:     9   Next: 32%
Magic:  7/9        EV:  6    Int:  8    God:    Elyvilon [***...]
Gold:   348        SH:  5    Dex: 11    Spells: 8/8 levels left

rFire   . . .        a - +1 war axe
rCold   . . .        c - +0 buckler
rNeg    . . .        b - +0 scale mail
rPois   +            n - +1 hat
rElec   .            (no cloak)
rCorr   .            y - +0 pair of gloves
SInv    .            v - +0 barding
Will    .....        (no amulet) Stlth
                     h - +4 ring of slaying
HPRegen 0.32/turn    r - ring of poison resistance
MPRegen 0.11/turn

%: roll
@: studying Staves
A: large, rugged brown scales 3, deformed body, armoured tail, roll, long
tongue, awkward tongue
a: Renounce Religion, Purification, Heal Other, Heal Self


You were on level 7 of the Dungeon.
You worshipped Elyvilon.
Elyvilon was most pleased with you.
You visited 1 branch of the dungeon, and saw 7 of its levels.
You also visited: Ossuary.

You collected 348 gold pieces.

Inventory:

Hand Weapons
 a - a +1 war axe (weapon)
Missiles
 t - a poisoned dart (quivered)
 F - a throwing net
Armour
 b - a +0 scale mail (worn)
 c - a +0 buckler (worn)
 n - a +1 hat (worn)
 v - a +0 barding (worn)
 y - a +0 pair of gloves (worn)
Jewellery
 h - a +4 ring of slaying (left hand)
 r - a ring of poison resistance (right hand)
 B - a ring of magical power
 E - a ring of protection from cold
Scrolls
 e - a scroll of fear {unknown}
 k - a scroll of poison {unknown}
 p - a scroll of teleportation
 s - a scroll of fog
 u - a scroll of enchant weapon
 z - a scroll of acquirement {unknown}
 A - a scroll of blinking
Potions
 d - a potion of invisibility {unknown}
 g - 2 potions of mutation
 i - 2 potions of lignification
 j - 2 potions of brilliance
 l - 6 potions of curing
 m - a potion of resistance {unknown}
 o - a potion of berserk rage {unknown}
 q - 3 potions of flight {unknown}
 w - a potion of haste {unknown}
 x - 3 potions of ambrosia {unknown}
 C - a potion of cancellation {unknown}
 D - a potion of attraction {unknown}


   Skills:
 + Level 4.6 Fighting
 * Level 8.8 Axes
 + Level 1.1 Throwing
 + Level 6.3 Armour
 + Level 1.3 Dodging
 + Level 1.3 Stealth
 + Level 4.5 Shields
 * Level 1.0 Invocations


You had 8 spell levels left.
You didn't know any spells.
Your spell library contained the following spells:

 Spells                   Type           Power      Damage    Failure   Level
 Beastly Appendage        Tmut           0%         N/A       75%         1
 Wereblood                Tmut           0%         N/A       86%         2
 Spider Form              Tmut/Pois      0%         N/A       98%         3
 Summon Lightning Spire   Summ/Air       0%         N/A       100%        4
 Storm Form               Tmut/Air       0%         N/A       100%        7
 Maxwell's Capacitive Co  Air            0%         ∞         100%        8


Dungeon Overview and Level Annotations

Branches:
Dungeon (7/15) Zot: 26424 Ossuary (visited)
 Temple: D:4-7

Altars:
Dithmenos
Elyvilon
Okawaru
Sif Muna

Shops:
D:1 =[**=

Annotations:
D:6 3 runed translucent doors, exclusion: electric eel, fedepesso's ghost, novice TrGl
D:7 3 runed translucent doors, Wynsegor's ghost, novice HuBe


Innate Abilities, Weirdness & Mutations

You are completely covered in rugged brown scales. (AC +3, +7% HP)
Armour fits poorly on your strangely shaped body.
You have a long armoured tail.
You roll when moving toward enemies. (Rampage)
Your long tongue fully drains potion bottles. (2x potion effects)
Your tongue gives you trouble enunciating. (1.5x scroll delay)


Message History

The kobold brigand closely misses you.
The +3 trident of Kuyttot {spect, *Rage Fragile Str+3 Int+9} hits you!
* * * LOW HITPOINT WARNING * * *
Unknown command.
You slash the +3 trident of Kuyttot {spect, *Rage Fragile Str+3 Int+9}!
The kobold brigand shares its spectral weapon's damage!
The +3 trident of Kuyttot {spect, *Rage Fragile Str+3 Int+9} is heavily damaged.
The kobold brigand hits you from afar with the +3 trident of Kuyttot {spect, *Rage Fragile Str+3 Int+9}.
* * * LOW HITPOINT WARNING * * *
The +3 trident of Kuyttot {spect, *Rage Fragile Str+3 Int+9} hits you.
* * * LOW HITPOINT WARNING * * *
The kobold brigand hits you from afar with the +3 trident of Kuyttot {spect, *Rage Fragile Str+3 Int+9}!
Elyvilon protects you from harm!
The +3 trident of Kuyttot {spect, *Rage Fragile Str+3 Int+9} hits you!
* * * LOW HITPOINT WARNING * * *
You feel much better.
You slurp down every last drop of the potion of heal wounds!
The +3 trident of Kuyttot {spect, *Rage Fragile Str+3 Int+9} hits you.
The +3 trident of Kuyttot {spect, *Rage Fragile Str+3 Int+9} hits you!
The kobold brigand barely misses you.
The +3 trident of Kuyttot {spect, *Rage Fragile Str+3 Int+9} hits you.
You block the +3 trident of Kuyttot {spect, *Rage Fragile Str+3 Int+9}'s attack.
You slash the +3 trident of Kuyttot {spect, *Rage Fragile Str+3 Int+9}!
The kobold brigand shares its spectral weapon's damage!
The +3 trident of Kuyttot {spect, *Rage Fragile Str+3 Int+9} disappears.
You block the kobold brigand's attack.
The +3 trident of Kuyttot {spect, *Rage Fragile Str+3 Int+9} hits you.
* * * LOW HITPOINT WARNING * * *
The kobold brigand hits you from afar with the +3 trident of Kuyttot {spect, *Rage Fragile Str+3 Int+9}!
* * * LOW HITPOINT WARNING * * *
The +3 trident of Kuyttot {spect, *Rage Fragile Str+3 Int+9} hits you!
Elyvilon protects you from harm!
A +3 trident of Kuyttot {spect, *Rage Fragile Str+3 Int+9} comes into view.
You are healed.
The kobold brigand hits you but does no damage.
The +3 trident of Kuyttot {spect, *Rage Fragile Str+3 Int+9} hits you but does no damage.
The kobold brigand hits you from afar with the +3 trident of Kuyttot {spect, *Rage Fragile Str+3 Int+9}!!
* * * LOW HITPOINT WARNING * * *
The +3 trident of Kuyttot {spect, *Rage Fragile Str+3 Int+9} hits you!
You die...

..## ##.####
### ####.....#
+........#
####...#.#
##.##.# ####.#
###.#
##########...#
#.K(@...##.###
#(#####.##.# #.
#>##.# ..
#.##.# .?.
#.##.#
....#.###.##.#
##.#..........#
##############


You could see a kobold brigand (berserk) and a +3 trident of Kuyttot {spect,
*Rage Fragile Str+3 Int+9}.

Vanquished Creatures
  Grinder (D:3)
  Menkaure (D:7)
  2 water moccasins
  An ice beast (D:5)
  3 sky beasts
  3 ogres
  3 phantoms
  3 water moccasin zombies (Ossuary)
  3 scorpions
  A wight (Ossuary)
  A howler monkey (D:6)
  A centaur zombie (Ossuary)
  An orc priest (D:3)
  2 hounds
  A sleepcap (D:4)
  An iguana (D:5)
  An orc wizard (D:5)
  4 scorpion zombies (Ossuary)
  23 gnolls (D:6)
  9 adders
  A shadow imp (D:7)
  3 adder zombies (Ossuary)
  3 worms
  4 dart slugs
  20 orcs
  7 endoplasms
  3 giant cockroaches
  8 goblins
  18 hobgoblins
  8 jackals
  3 quokkas
  5 ball pythons
  4 bats (D:1)
  3 frilled lizards
  3 gnoll zombies (Ossuary)
  3 goblin zombies (Ossuary)
  A hobgoblin zombie (Ossuary)
  44 kobolds
  2 orc zombies (Ossuary)
  6 rats
  2 spectral weapons (D:7)
216 creatures vanquished.

Notes
Turn   | Place    | Note
-------+----------+-------------------------------------------
     0 | D:1      | CrazyMind the Armataur Fighter began the quest for the Orb.
     0 | D:1      | Reached XP level 1. HP: 19/19 MP: 1/1
    71 | D:1      | Found Zas Rero's General Store.
   219 | D:1      | Found Birr's Armour Shop.
   221 | D:1      | Reached XP level 2. HP: 25/26 MP: 2/2
   299 | D:1      | Found Rypul's Jewellery Shop.
   353 | D:1      | Reached skill level 2 in Axes
   353 | D:1      | Found Okhlum's Assorted Antiques.
   506 | D:1      | Reached XP level 3. HP: 32/33 MP: 3/3
   602 | D:1      | Found Bituemm's Jewellery Boutique.
  1014 | D:2      | You fall into a shaft and drop 1 floor!
  1068 | D:3      | Noticed Grinder
  1137 | D:3      | Found a faded altar of an unknown god.
  1598 | D:3      | Reached XP level 4. HP: 40/40 MP: 4/4
  1607 | D:3      | Reached skill level 3 in Axes
  1608 | D:3      | Prayed at the altar of an unknown god.
  1608 | D:3      | Became a worshipper of Elyvilon the Healer
  1608 | D:3      | Reached * piety under Elyvilon
  1945 | D:3      | Killed Grinder
  1946 | D:3      | Reached skill level 4 in Axes
  1946 | D:3      | Reached XP level 5. HP: 26/48 MP: 5/5
  1946 | D:3      | Reached XP level 6. HP: 29/54 MP: 6/6
  2391 | D:4      | Reached ** piety under Elyvilon
  2675 | D:4      | Reached skill level 5 in Axes
  2675 | D:4      | Reached XP level 7. HP: 52/60 MP: 7/7
  2787 | D:4      | Reached skill level 1 in Stealth
  2795 | D:4      | Reached skill level 5 in Armour
  3161 | D:5      | Entered Level 5 of the Dungeon
  3242 | D:5      | Found an iron altar of Okawaru.
  3482 | D:5      | Reached skill level 1 in Throwing
  3894 | D:5      | Reached *** piety under Elyvilon
  3911 | D:5      | Reached skill level 6 in Axes
  4015 | D:5      | Found a shimmering blue altar of Sif Muna.
  4015 | D:5      | Found a shadowy altar of Dithmenos.
  4158 | D:5      | Reached XP level 8. HP: 70/70 MP: 8/8
  4208 | D:6      | Found a runed translucent gate.
  4208 | D:6      | Found a runed translucent gate.
  4208 | D:6      | Noticed fedepesso's ghost (novice TrGl)
  4247 | D:6      | Found a sand-covered staircase.
  4289 | Ossuary  | Entered an ossuary
  4430 | Ossuary  | Reached skill level 7 in Axes
  4586 | Ossuary  | Reached skill level 1 in Dodging
  4586 | Ossuary  | Noticed a silent spectre
  4823 | D:6      | Found a runed translucent gate.
  5005 | D:6      | Reached skill level 8 in Axes
  5653 | D:6      | Reached XP level 9. HP: 42/75 MP: 9/9
  6154 | D:7      | Identified the +3 trident of Kuyttot {spect, *Rage Fragile
                  | Str+3 Int+9}
  6176 | D:7      | Elyvilon protects you from harm!
  6288 | D:7      | Noticed Menkaure
  6294 | D:7      | Killed Menkaure
  6379 | D:7      | Found a runed translucent gate.
  6379 | D:7      | Noticed a kobold demonologist
  6380 | D:7      | Found a runed translucent gate.
  6380 | D:7      | Noticed Wynsegor's ghost (novice HuBe)
  6381 | D:7      | Found a runed translucent gate.
  6383 | D:7      | Reached **** piety under Elyvilon
  6555 | D:7      | Reached skill level 1 in Invocations
  6573 | D:7      | Elyvilon protects you from harm!
  6575 | D:7      | Elyvilon protects you from harm!
  6576 | D:7      | Slain by a +3 trident of Kuyttot {spect, *Rage Fragile
                  | Str+3 Int+9}

Illustrated notes

Levels and vault maps discovered:
D:1:      matt_arrival_los_fun, layout_basic, serial_shops, shop,
          nicolae_shop_waterfront, nicolae_shop_window_shopping, shop, shop
D:2:      layout_rooms
D:3:      layout_loops_cross, shapermc_ecumenical_altar_mp_ritualfount,
          uniq_grinder
D:4:      layout_loops_ring, serial_bayou, serial_bayou_pond_b,
          serial_bayou_pond_a, serial_bayou_pond_b, serial_bayou_pond_c,
          hangedman_decor_peaks_small, grunt_decor_junction
D:5:      layout_loops_ring, okawaru_metal_pillars_1_2,
          gammafunk_temple_overflow_pools
D:6:      minmay_goblin_kobold_castle, layout_rooms, ebering_ghost_rock_garden,
          nicolae_ossuary_entry_ruins, st_stairs_8
D:7:      layout_loops_corners, minmay_temple_entry_offerings,
          gammafunk_ghost_nasty_kobolds, grunt_ogre_cave, minmay_fountain_box,
          hangedman_decor_opposing, uniq_menkaure, uniq_prince_ribbit1

Skill      XL: |  1  2  3  4  5  6  7  8  9 |
---------------+----------------------------+-----
Fighting       | 3 4 |  4.6
Axes           | 2 4 5 6 8 |  8.8
Armour         | 4 5 6 |  6.3
Shields        | 4 |  4.5
Stealth        | 1 |  1.3
Throwing       | 1 |  1.1
Dodging        | 1 |  1.3
Invocations    | 1 |  1.0

Action                     |  1- 3 |  4- 6 |  7- 9 || total
---------------------------+-------+-------+-------++-------
  Melee: War axe           |   103 |    65 |   307 ||   475
         Tailslap          |    11 |     8 |    30 ||    49
  Throw: Dart              |       |    10 |     8 ||    18
 Invoke: Heal Self         |       |       |     1 ||     1
    Use: Scroll            |     3 |       |    10 ||    13
         Potion            |       |     2 |     4 ||     6
 Armour: Scale mail        |    51 |    17 |   191 ||   259
  Dodge: Dodged            |    39 |    11 |    95 ||   145
  Block: Buckler           |    18 |     9 |    63 ||    90
